[ AOE2 MATCH · #506393801 ]
UnrankedAztecs vs Persians
Player's team · WIN
Rival team · LOSS
[ REPLAY ANALYSIS · EXTRACTED FROM THE RECORDED GAME ]
Feudal
9:29
Castle
20:14
Imperial
35:22
| APM avg | 46.8 |
| APM peak | 91 |
| eAPM avg | 27.5 |
| Villagers / military | 164 / 220 |
Focus
⚔️ 41.2% · 🌾 58.8%
Eagle Scout ×93 · Skirmisher ×55 · Archer ×30 · Spearman ×25 · Monk ×7 · Trebuchet (Packed) ×4
Feudal
12:31
Castle
16:23
Imperial
38:33
| APM avg | 45.3 |
| APM peak | 90 |
| eAPM avg | 27.8 |
| Villagers / military | 144 / 117 |
Focus
⚔️ 40.9% · 🌾 59.1%
Hand Cannoneer ×65 · Skirmisher ×34 · Knight ×6 · Mangonel ×6 · Militia ×3 · Bombard Cannon ×2
Match map
Initial resources + every placement click. Lines = walls · curves = elevation contours. ◆ gold · ⬟ stone · ● berries · ✦ relic · ◌ wall gap
Your base· ✓ Closed at 20:14 · 45t walls · no gate
elbanovic's base· Open — 5t gap
Smoothed initial terrain · ◌ = detected wall gap · hover for details
Inputs per minute
— OSO_CT - - elbanovic
Build order — OSO_CT
First 150 of 558 actions detected
| 0:00 | Queue | Villager (Male) |
| 0:01 | Queue | Villager (Male) |
| 0:01 | Queue | Villager (Male) |
| 0:01 | Queue | Villager (Male) |
| 0:02 | Build | House |
| 0:03 | Build | House |
| 1:16 | Queue | Villager (Male) |
| 1:17 | Queue | Villager (Male) |
| 1:49 | Build | Lumber Camp |
| 2:00 | Queue | Villager (Male) |
| 2:29 | Queue | Villager (Male) |
| 2:29 | Queue | Villager (Male) |
| 3:08 | Queue | Villager (Male) |
| 3:08 | Queue | Villager (Male) |
| 3:36 | Build | House |
| 3:43 | Queue | Villager (Male) |
| 4:02 | Queue | Villager (Male) |
| 4:30 | Research | Loom |
| 4:43 | Queue | Villager (Male) |
| 4:43 | Queue | Villager (Male) |
| 4:58 | Queue | Villager (Male) |
| 5:27 | Queue | Villager (Male) |
| 5:37 | Queue | Villager (Male) |
| 6:43 | Queue | Villager (Male) |
| 6:48 | Build | Mining Camp |
| 6:51 | Queue | Villager (Male) |
| 7:19 | Research | Feudal Age |
| 7:25 | Build | Palisade Wall |
| 7:26 | Build | Palisade Wall |
| 7:28 | Build | Palisade Wall |
| 7:44 | Build | House |
| 8:15 | Build | Palisade Wall |
| 8:18 | Build | Palisade Wall |
| 8:21 | Build | Palisade Wall |
| 8:23 | Build | Palisade Wall |
| 8:28 | Build | Palisade Wall |
| 8:30 | Build | Palisade Wall |
| 8:38 | Build | Palisade Wall |
| 9:07 | Queue | Villager (Male) |
| 9:10 | Build | Barracks |
| 9:15 | Build | House |
| 9:20 | Build | Palisade Wall |
| 9:21 | Build | Palisade Wall |
| 9:29 | Age | Feudal Age |
| 9:31 | Queue | Villager (Male) |
| 9:34 | Research | Double-Bit Axe |
| 9:49 | Build | Archery Range |
| 10:02 | Queue | Villager (Male) |
| 10:08 | Build | Mill |
| 10:11 | Build | Palisade Wall |
| 10:27 | Queue | Villager (Male) |
| 10:34 | Queue | Villager (Male) |
| 10:40 | Build | House |
| 10:42 | Build | Palisade Wall |
| 10:43 | Build | Palisade Wall |
| 10:49 | Queue | Archer |
| 11:04 | Queue | Archer |
| 11:05 | Queue | Spearman |
| 11:07 | Build | House |
| 11:42 | Queue | Archer |
| 11:43 | Queue | Villager (Male) |
| 11:44 | Build | Farm |
| 11:47 | Build | Farm |
| 12:00 | Queue | Archer |
| 12:00 | Queue | Villager (Male) |
| 12:07 | Queue | Villager (Male) |
| 12:12 | Build | House |
| 12:14 | Build | Palisade Wall |
| 12:15 | Build | Palisade Wall |
| 12:17 | Build | Palisade Wall |
| 12:27 | Queue | Archer |
| 12:27 | Queue | Villager (Male) |
| 12:50 | Queue | Archer |
| 12:52 | Queue | Villager (Male) |
| 12:55 | Build | Farm |
| 12:59 | Build | Farm |
| 13:00 | Build | Farm |
| 13:08 | Queue | Villager (Male) |
| 13:26 | Build | Blacksmith |
| 13:31 | Build | Farm |
| 13:36 | Queue | Villager (Male) |
| 13:48 | Queue | Villager (Male) |
| 13:51 | Build | House |
| 13:52 | Build | Palisade Wall |
| 13:56 | Build | Farm |
| 13:58 | Queue | Villager (Male) |
| 14:07 | Queue | Archer |
| 14:11 | Research | Fletching |
| 14:21 | Build | Palisade Wall |
| 14:25 | Queue | Archer |
| 14:30 | Build | Farm |
| 14:37 | Queue | Archer |
| 14:54 | Build | Farm |
| 15:01 | Queue | Archer |
| 15:02 | Queue | Villager (Male) |
| 15:05 | Build | House |
| 15:07 | Build | Palisade Wall |
| 15:17 | Queue | Eagle Scout |
| 15:22 | Build | Farm |
| 15:32 | Build | House |
| 15:37 | Research | Wheelbarrow |
| 15:58 | Queue | Villager (Male) |
| 16:03 | Build | Farm |
| 16:20 | Build | Farm |
| 17:07 | Build | Palisade Wall |
| 17:15 | Build | Palisade Wall |
| 17:17 | Build | Palisade Wall |
| 17:34 | Research | Castle Age |
| 17:58 | Queue | Spearman |
| 18:02 | Build | Palisade Wall |
| 18:10 | Queue | Archer |
| 18:18 | Build | Palisade Wall |
| 18:20 | Build | Palisade Wall |
| 18:29 | Build | Archery Range |
| 18:36 | Queue | Spearman |
| 18:38 | Queue | Spearman |
| 18:39 | Queue | Archer |
| 18:54 | Queue | Archer |
| 18:58 | Build | Palisade Wall |
| 19:20 | Queue | Archer |
| 19:25 | Queue | Spearman |
| 19:37 | Queue | Archer |
| 19:46 | Build | Farm |
| 20:04 | Build | House |
| 20:14 | Research | Gold Mining |
| 20:14 | Age | Castle Age |
| 20:16 | Research | Crossbowman (upgrade) |
| 20:17 | Research | Bodkin Arrow |
| 20:17 | Queue | Villager (Male) |
| 20:17 | Queue | Villager (Male) |
| 20:32 | Build | House |
| 20:33 | Build | House |
| 20:36 | Research | Pikeman (upgrade) |
| 20:40 | Queue | Villager (Male) |
| 20:58 | Queue | Villager (Male) |
| 21:19 | Queue | Villager (Male) |
| 21:37 | Build | Town Center |
| 22:00 | Build | Monastery |
| 22:01 | Queue | Villager (Male) |
| 22:23 | Research | Town Watch |
| 22:31 | Queue | Villager (Male) |
| 22:36 | Queue | Villager (Male) |
| 22:37 | Queue | Villager (Male) |
| 22:49 | Queue | Villager (Male) |
| 22:56 | Build | Mining Camp |
| 22:58 | Queue | Villager (Male) |
| 23:05 | Build | Palisade Wall |
| 23:12 | Queue | Villager (Male) |
| 23:20 | Queue | Monk |
| 23:21 | Build | Farm |
Build order — elbanovic
First 150 of 475 actions detected
| 0:00 | Queue | Villager (Male) |
| 0:00 | Queue | Villager (Male) |
| 0:01 | Queue | Villager (Male) |
| 0:01 | Queue | Villager (Male) |
| 0:01 | Queue | Villager (Male) |
| 0:02 | Build | House |
| 0:03 | Build | House |
| 1:25 | Queue | Villager (Male) |
| 1:48 | Build | Lumber Camp |
| 1:54 | Queue | Villager (Male) |
| 2:28 | Queue | Villager (Male) |
| 2:28 | Queue | Villager (Male) |
| 2:58 | Queue | Villager (Male) |
| 3:26 | Queue | Villager (Male) |
| 3:35 | Build | House |
| 3:37 | Build | Barracks |
| 3:47 | Queue | Villager (Male) |
| 3:48 | Queue | Villager (Male) |
| 4:15 | Build | House |
| 4:29 | Queue | Militia |
| 4:47 | Queue | Villager (Male) |
| 5:07 | Queue | Villager (Male) |
| 5:18 | Queue | Militia |
| 5:18 | Queue | Villager (Male) |
| 5:36 | Queue | Villager (Male) |
| 5:51 | Queue | Villager (Male) |
| 5:53 | Queue | Militia |
| 6:02 | Queue | Villager (Male) |
| 6:03 | Queue | Villager (Male) |
| 6:06 | Build | House |
| 6:22 | Build | Mill |
| 6:28 | Queue | Villager (Male) |
| 6:33 | Build | House |
| 6:38 | Build | Palisade Wall |
| 6:48 | Queue | Villager (Male) |
| 7:11 | Queue | Villager (Male) |
| 7:15 | Build | Palisade Wall |
| 7:16 | Build | Palisade Wall |
| 7:16 | Queue | Villager (Male) |
| 7:19 | Queue | Villager (Male) |
| 7:42 | Queue | Villager (Male) |
| 7:52 | Queue | Villager (Male) |
| 8:01 | Build | Palisade Wall |
| 8:01 | Build | House |
| 8:35 | Build | Mill |
| 8:37 | Build | Palisade Wall |
| 8:46 | Queue | Villager (Male) |
| 9:04 | Build | House |
| 9:10 | Queue | Villager (Male) |
| 9:13 | Build | Farm |
| 9:16 | Build | Farm |
| 9:28 | Research | Loom |
| 9:46 | Build | Mining Camp |
| 9:48 | Build | Palisade Wall |
| 10:27 | Research | Feudal Age |
| 10:28 | Research | Feudal Age |
| 10:57 | Build | Palisade Wall |
| 10:58 | Build | House |
| 10:59 | Build | Palisade Wall |
| 11:07 | Build | Palisade Gate |
| 11:08 | Build | Palisade Wall |
| 11:08 | Build | Palisade Wall |
| 11:11 | Build | Farm |
| 11:50 | Build | Farm |
| 11:52 | Build | Farm |
| 12:05 | Queue | Villager (Male) |
| 12:31 | Age | Feudal Age |
| 12:38 | Build | Market |
| 12:40 | Build | Blacksmith |
| 12:44 | Queue | Villager (Male) |
| 13:09 | Queue | Villager (Male) |
| 13:51 | Build | Farm |
| 13:58 | Research | Castle Age |
| 14:34 | Build | Lumber Camp |
| 15:18 | Build | Palisade Wall |
| 15:23 | Build | Palisade Wall |
| 15:28 | Build | House |
| 15:34 | Build | Stable |
| 15:40 | Queue | Villager (Male) |
| 15:44 | Build | Farm |
| 15:45 | Research | Scale Barding Armor |
| 15:48 | Build | Farm |
| 15:56 | Build | House |
| 16:03 | Build | House |
| 16:07 | Build | House |
| 16:23 | Age | Castle Age |
| 16:26 | Queue | Knight |
| 16:37 | Build | House |
| 16:41 | Build | House |
| 16:46 | Build | Siege Workshop |
| 16:54 | Queue | Villager (Male) |
| 17:09 | Build | Farm |
| 17:09 | Queue | Villager (Male) |
| 17:46 | Queue | Mangonel |
| 17:57 | Build | House |
| 18:15 | Build | Farm |
| 18:21 | Queue | Villager (Male) |
| 18:23 | Build | Farm |
| 18:31 | Research | Horse Collar |
| 18:31 | Research | Horse Collar |
| 18:42 | Queue | Villager (Male) |
| 18:52 | Queue | Villager (Male) |
| 19:01 | Build | Palisade Wall |
| 19:19 | Build | Farm |
| 19:19 | Queue | Villager (Male) |
| 19:29 | Queue | Mangonel |
| 19:29 | Queue | Mangonel |
| 19:44 | Queue | Villager (Male) |
| 19:56 | Build | Farm |
| 20:02 | Research | Double-Bit Axe |
| 20:15 | Build | Farm |
| 20:28 | Queue | Villager (Male) |
| 20:49 | Queue | Villager (Male) |
| 20:55 | Build | Farm |
| 20:57 | Build | Farm |
| 21:02 | Queue | Villager (Male) |
| 21:10 | Research | Gold Mining |
| 21:12 | Build | Farm |
| 21:17 | Queue | Villager (Male) |
| 21:19 | Research | Bow Saw |
| 21:35 | Build | Farm |
| 21:36 | Queue | Villager (Male) |
| 21:50 | Build | Farm |
| 21:57 | Build | Farm |
| 21:58 | Queue | Villager (Male) |
| 22:14 | Research | Town Watch |
| 22:15 | Build | Farm |
| 22:16 | Queue | Villager (Male) |
| 22:22 | Build | Farm |
| 22:27 | Queue | Mangonel |
| 22:47 | Queue | Villager (Male) |
| 23:11 | Queue | Villager (Male) |
| 23:13 | Build | Archery Range |
| 23:18 | Build | Archery Range |
| 23:21 | Build | Farm |
| 23:25 | Research | Wheelbarrow |
| 23:42 | Build | Town Center |
| 24:10 | Build | Monastery |
| 24:20 | Build | Lumber Camp |
| 24:23 | Queue | Villager (Male) |
| 24:46 | Build | Farm |
| 24:58 | Queue | Villager (Male) |
| 25:08 | Research | Hand Cart |
| 25:11 | Build | Mining Camp |
| 25:21 | Queue | Skirmisher |
| 25:22 | Queue | Villager (Male) |
| 25:34 | Queue | Villager (Male) |
| 25:39 | Queue | Mangonel |
| 25:39 | Queue | Mangonel |
| 25:44 | Build | House |
Match timeline
| 3:37 | elbanovic · first_building Barracks |
| 6:38 | elbanovic · wall_segment Palisade Wall x12 |
| 7:15 | elbanovic · wall_segment Palisade Wall x5 |
| 7:16 | elbanovic · wall_segment Palisade Wall x5 |
| 7:25 | OSO_CT · wall_segment Palisade Wall x1 |
| 7:26 | OSO_CT · wall_segment Palisade Wall x1 |
| 7:28 | OSO_CT · wall_segment Palisade Wall x1 |
| 8:01 | elbanovic · wall_segment Palisade Wall x1 |
| 8:15 | OSO_CT · wall_segment Palisade Wall x1 |
| 8:18 | OSO_CT · wall_segment Palisade Wall x1 |
| 8:21 | OSO_CT · wall_segment Palisade Wall x1 |
| 8:23 | OSO_CT · wall_segment Palisade Wall x1 |
| 8:28 | OSO_CT · wall_segment Palisade Wall x1 |
| 8:30 | OSO_CT · wall_segment Palisade Wall x1 |
| 8:37 | elbanovic · wall_segment Palisade Wall x8 |
| 8:38 | OSO_CT · wall_segment Palisade Wall x1 |
| 9:10 | OSO_CT · first_building Barracks |
| 9:20 | OSO_CT · wall_segment Palisade Wall x1 |
| 9:21 | OSO_CT · wall_segment Palisade Wall x1 |
| 9:29 | OSO_CT · age_up feudal |
| 9:48 | elbanovic · wall_segment Palisade Wall x7 |
| 9:49 | OSO_CT · first_building Archery Range |
| 10:11 | OSO_CT · wall_segment Palisade Wall x1 |
| 10:42 | OSO_CT · wall_segment Palisade Wall x1 |
| 10:43 | OSO_CT · wall_segment Palisade Wall x2 |
| 10:57 | elbanovic · wall_segment Palisade Wall x1 |
| 10:59 | elbanovic · wall_segment Palisade Wall x1 |
| 11:08 | elbanovic · wall_segment Palisade Wall x1 |
| 11:08 | elbanovic · wall_segment Palisade Wall x1 |
| 12:14 | OSO_CT · wall_segment Palisade Wall x2 |
| 12:15 | OSO_CT · wall_segment Palisade Wall x4 |
| 12:17 | OSO_CT · wall_segment Palisade Wall x1 |
| 12:31 | elbanovic · age_up feudal |
| 13:30 | elbanovic · first_market_sell 100 stone |
| 13:41 | elbanovic · first_market_buy 100 food |
| 13:52 | OSO_CT · wall_segment Palisade Wall x1 |
| 14:21 | OSO_CT · wall_segment Palisade Wall x4 |
| 15:07 | OSO_CT · wall_segment Palisade Wall x8 |
| 15:18 | elbanovic · wall_segment Palisade Wall x1 |
| 15:23 | elbanovic · wall_segment Palisade Wall x1 |
| 15:34 | elbanovic · first_building Stable |
| 16:23 | elbanovic · age_up castle |
| 16:46 | elbanovic · first_building Siege Workshop |
| 17:07 | OSO_CT · wall_segment Palisade Wall x5 |
| 17:15 | OSO_CT · wall_segment Palisade Wall x1 |
| 17:17 | OSO_CT · wall_segment Palisade Wall x1 |
| 18:02 | OSO_CT · wall_segment Palisade Wall x1 |
| 18:18 | OSO_CT · wall_segment Palisade Wall x1 |
| 18:20 | OSO_CT · wall_segment Palisade Wall x1 |
| 18:58 | OSO_CT · wall_segment Palisade Wall x1 |
| 19:01 | elbanovic · wall_segment Palisade Wall x1 |
| 20:14 | OSO_CT · age_up castle |
| 22:00 | OSO_CT · first_building Monastery |
| 23:05 | OSO_CT · wall_segment Palisade Wall x1 |
| 23:13 | elbanovic · first_building Archery Range |
| 24:10 | elbanovic · first_building Monastery |
| 26:53 | elbanovic · wall_segment Palisade Wall x1 |
| 28:26 | elbanovic · wall_segment Palisade Wall x1 |
| 29:49 | OSO_CT · first_building Siege Workshop |
| 32:50 | elbanovic · first_building Castle |
| 33:57 | elbanovic · wall_segment Palisade Wall x1 |
| 35:22 | OSO_CT · age_up imperial |
| 35:34 | OSO_CT · first_building Castle |
| 36:13 | elbanovic · wall_segment Stone Wall x1 |
| 36:29 | OSO_CT · first_market_sell 100 wood |
| 36:30 | OSO_CT · first_market_buy 100 food |
| 38:33 | elbanovic · age_up imperial |
| 38:36 | elbanovic · wall_segment Stone Wall x1 |
| 38:38 | elbanovic · wall_segment Stone Wall x1 |
| 38:39 | elbanovic · wall_segment Stone Wall x1 |
| 38:41 | elbanovic · wall_segment Stone Wall x1 |
| 38:48 | elbanovic · wall_segment Stone Wall x1 |
| 38:50 | elbanovic · wall_segment Stone Wall x1 |
| 38:54 | elbanovic · wall_segment Stone Wall x1 |
| 38:55 | elbanovic · wall_segment Stone Wall x1 |
| 39:06 | elbanovic · wall_segment Stone Wall x1 |
| 39:08 | elbanovic · wall_segment Stone Wall x1 |
| 39:10 | elbanovic · wall_segment Stone Wall x1 |
| 39:25 | elbanovic · wall_segment Stone Wall x1 |
| 39:32 | elbanovic · wall_segment Stone Wall x1 |
| 39:33 | elbanovic · wall_segment Stone Wall x1 |
| 39:36 | elbanovic · wall_segment Stone Wall x6 |
| 39:37 | elbanovic · wall_segment Stone Wall x8 |
| 43:06 | elbanovic · wall_segment Palisade Wall x1 |
| 43:37 | elbanovic · wall_segment Palisade Wall x1 |
| 47:12 | elbanovic · wall_segment Stone Wall x1 |
| 49:21 | elbanovic · resign |
[ AI ANALYSIS · 1 CREDIT ]
What really happened in this match?
Wolo.gg analyzes every decision: build order, eco, micro, common mistakes by bracket. Personalized analysis on WhatsApp or Discord in 30 seconds.
Civ guide
Aztecs
Perfil
Jugador #5187661